 Dungeon Crawl Stone Soup version 0.30-a0-1160-g6e42c06551 (webtiles) character file.

Game seed: 5732910034981800599

2093 Nedwor the Cutter (level 9, -6/68 HPs)
             Began as a Demonspawn Gladiator on Feb 25, 2023.
             Mangled by a yak (11 damage)
             ... on level 8 of the Dungeon on Apr 27, 2023.
             The game lasted 00:14:09 (5393 turns).

Nedwor the Cutter (Demonspawn Gladiator)            Turns: 5393, Time: 00:14:10

Health: -6/68      AC: 13    Str: 16    XL:     9   Next: 7%
Magic:  9/9        EV: 13    Int: 10    God:
Gold:   355        SH:  0    Dex: 17    Spells: 8/8 levels left

rFire   + . .        r - +1 short sword (vamp)
rCold   . . .        (no shield)
rNeg    . . .        c - +3 ring mail {rF+}
rPois   +            (helmet restricted)
rElec   .            l - +0 cloak
rCorr   .            v - +0 pair of gloves
SInv    +            i - +1 pair of boots {rampage}
Will    .....        q - amulet of regeneration
Stlth   +            b - ring of see invisible
HPRegen 1.11/turn    m - ring of poison resistance
MPRegen 0.11/turn

%: rampage
@: no status effects
A: claws 1, hooves 1, horns 2, demonic guardian 1, ignite blood 1
a: no special abilities


You were on level 8 of the Dungeon.
You visited 1 branch of the dungeon, and saw 8 of its levels.
You also visited: Sewer.

You collected 355 gold pieces.

Inventory:

Hand Weapons
 a - a +1 rapier
 r - a +1 vampiric short sword (weapon)
Missiles
 e - 2 throwing nets (quivered)
 w - 6 javelins
Armour
 c - a +3 ring mail of fire resistance (worn)
 i - a +1 pair of boots of rampaging (worn)
 l - a +0 cloak (worn)
 v - a +0 pair of gloves (worn)
Jewellery
 b - a ring of see invisible (left hand)
 m - a ring of poison resistance (right hand)
 n - an amulet of the acrobat
 p - an amulet of guardian spirit
 q - an amulet of regeneration (around neck)
Wands
 f - a wand of quicksilver (6)
 t - a wand of roots (7)
 A - a wand of flame (9)
Scrolls
 d - 3 scrolls of amnesia
 j - 2 scrolls of teleportation
 k - a scroll of identify
 u - a scroll of fear {unknown}
 x - 3 scrolls of enchant weapon
 y - 3 scrolls of acquirement {unknown}
 B - a scroll of blinking
Potions
 g - 6 potions of curing
 h - 4 potions of magic
 o - 6 potions of heal wounds
 s - a potion of flight
 z - a potion of attraction {unknown}
 C - a potion of degeneration {unknown}


   Skills:
 + Level 5.6 Fighting
 * Level 7.4 Short Blades
 - Level 1.7 Throwing
 + Level 4.6 Armour
 + Level 5.6 Dodging


You had 8 spell levels left.
You didn't know any spells.
Your spell library contained the following spells:

 Spells                   Type           Power      Damage    Failure   Level
 Portal Projectile        Hex/Tloc       0%         N/A       90%         3
 Tukima's Dance           Hex            0%         N/A       90%         3
 Blade Hands              Tmut           0%         N/A       100%        5


Dungeon Overview and Level Annotations

Branches:
Dungeon (9/15)             Temple (0/1) D:5           Sewer (visited)
   Lair: D:8-11         Orc: D:9-12

Altars:
Hepliaklqana
Makhleb
Sif Muna

Annotations:
D:3 2 transporters, Gandelf's ghost, weakling MiBe


Innate Abilities, Weirdness & Mutations

You have sharp fingernails.
You have large cloven feet.
You have a pair of horns on your head.
A weak demonic guardian rushes to your aid.
Your demonic aura sometimes causes spilled blood to erupt in flames.


Message History

Unknown command.
You are too injured to fight recklessly!
Unknown command.
You are too injured to fight recklessly!
Unknown command.
You are too injured to fight recklessly!
Unknown command.
You are too injured to fight recklessly!
You are too injured to fight recklessly!
You are too injured to fight recklessly!
The orc attacks as you move away! The orc hits you but does no damage.
The orc priest attacks as you move away!
The orc priest barely misses you.
The orc wizard hits your shadow imp but does no damage.
The orc priest invokes the aid of Beogh against you.
Beogh smites you!
* * * LOW HITPOINT WARNING * * *
Your shadow imp hits the orc priest.
The orc wizard barely misses your shadow imp.
The steam dragon breathes steam at you. The ball of steam hits you! You resist.
* * * LOW HITPOINT WARNING * * *
Your shadow imp barely misses the orc priest.
The yak gores you!
* * * LOW HITPOINT WARNING * * *
The orc wizard hits your shadow imp with a +0 dagger.
The orc priest calls upon Beogh to heal the orc priest.
The orc priest's wounds heal themselves!
The orc hits your shadow imp with a +0 club.
Your shadow imp dies!
Your shadow imp disappears in a puff of smoke!
The orc wizard casts a spell.
The orc wizard flickers and vanishes for a moment.
The yak misses you. The yak attacks as you move away!
The yak barely misses you. The yak closely misses you.
The yak is engulfed in a cloud of scalding steam.
Unknown command.
The yak attacks as you move away! The yak gores you!
You die...

#.## ##. #..##.# ..#
#....# ...# ##)...#
#######
....##.....####.....##
...D...§##...........##
.....§................##
......D.§..............#
......†o§.YY@..........#
......).o.oY...>........
.......oo...............
........................
........................
........................
........................
........................
........................


You could see 3 yaks, a steam dragon, an orc warrior, 2 orc priests, an orc
wizard (invisible) and an orc.

Vanquished Creatures
  Grinder (D:3)
  Edmund (D:6)
  A water moccasin (D:6)
  An ice beast (D:6)
  2 centaurs
  An ogre (D:6)
  A phantom (D:4)
  A bullfrog (D:8)
  2 scorpions (D:5)
  3 howler monkeys (D:9)
  5 orc priests
  2 hounds
  A gnoll bouda (D:3)
  Crazy Yiuf (D:3)
  3 iron imps (D:4)
  Ijyb (D:4)
  Terence (D:3)
  An iguana (D:5)
  5 orc wizards
  Robin (D:4)
  5 gnolls
  6 river rats
  14 adders
  2 shadow imps (D:6)
  A white imp (D:5)
  An ufetubus (D:5)
  9 worms
  2 dart slugs (D:3)
  18 orcs
  6 bats
  11 endoplasms
  8 giant cockroaches
  11 goblins
  10 hobgoblins
  3 jackals (D:1)
  3 quokkas
  9 ball pythons
  11 frilled lizards
  5 kobolds
  16 rats
186 creatures vanquished.

Notes
Turn   | Place    | Note
-------+----------+-------------------------------------------
     0 | D:1      | Nedwor the Demonspawn Gladiator began the quest for the
                  | Orb.
     0 | D:1      | Reached XP level 1. HP: 16/16 MP: 1/1
    84 | D:1      | Discovered your monstrous ancestry.
    84 | D:1      | Gained mutation: You have a pair of small horns on your
                  | head. [demonic ancestry]
    84 | D:1      | Reached XP level 2. HP: 21/22 MP: 2/2
    96 | D:1      | Found a faded altar of an unknown god.
   101 | D:1      | Reached skill level 3 in Short Blades
   246 | D:1      | HP: 1/22 [gnoll/+0 club (7)]
   427 | D:1      | Gained mutation: You have a pair of horns on your head.
                  | [demonic ancestry]
   427 | D:1      | Reached XP level 3. HP: 26/28 MP: 3/3
   765 | D:2      | Reached skill level 1 in Armour
  1039 | D:2      | Gained mutation: You have sharp fingernails. [demonic
                  | ancestry]
  1039 | D:2      | Reached XP level 4. HP: 34/34 MP: 4/4
  1483 | D:3      | Found a transporter.
  1546 | D:3      | Reached XP level 5. HP: 32/40 MP: 5/5
  1553 | D:3      | Reached skill level 4 in Short Blades
  1565 | D:3      | Upgraded the game from 0.30-a0-782-ge64f9170bb to
                  | 0.30-a0-845-g7c6808c8ce
  1943 | D:3      | Noticed Terence
  1950 | D:3      | Killed Terence
  2016 | D:3      | Found a transporter.
  2023 | D:3      | Noticed Gandelf's ghost (weakling MiBe)
  2026 | D:3      | Noticed Grinder
  2029 | D:3      | Paralysed by Grinder for 4 turns
  2047 | D:3      | Killed Grinder
  2048 | D:3      | Reached XP level 6. HP: 12/47 MP: 6/6
  2139 | D:3      | Found a runed translucent door.
  2140 | D:3      | Noticed Crazy Yiuf
  2332 | D:3      | Found a hazy altar of Hepliaklqana.
  2461 | D:3      | Killed Crazy Yiuf
  2470 | D:3      | Upgraded the game from 0.30-a0-845-g7c6808c8ce to
                  | 0.30-a0-1160-g6e42c06551
  2654 | D:4      | Noticed Ijyb
  2665 | D:4      | Killed Ijyb
  2666 | D:4      | Reached skill level 5 in Short Blades
  2717 | D:4      | Gained mutation: Your demonic aura sometimes causes spilled
                  | blood to erupt in flames. [demonic ancestry]
  2717 | D:4      | Reached XP level 7. HP: 53/53 MP: 7/7
  2820 | D:4      | Noticed Robin
  2832 | D:4      | Killed Robin
  3036 | D:4      | Found a burning altar of Makhleb.
  3280 | D:5      | Entered Level 5 of the Dungeon
  3365 | D:5      | Found a staircase to the Ecumenical Temple.
  3535 | D:5      | Reached skill level 6 in Short Blades
  3535 | D:5      | Gained mutation: You have large cloven feet. [demonic
                  | ancestry]
  3535 | D:5      | Reached XP level 8. HP: 58/61 MP: 8/8
  3852 | D:5      | Found a shimmering blue altar of Sif Muna.
  4139 | D:6      | Found a glowing drain.
  4159 | Sewer    | Entered a sewer
  4546 | D:6      | Reached skill level 5 in Dodging
  4615 | D:6      | Reached skill level 5 in Fighting
  4766 | D:6      | Noticed Edmund
  4783 | D:6      | Killed Edmund
  4894 | D:6      | Reached skill level 7 in Short Blades
  5250 | D:6      | You fall into a shaft and drop 3 floors!
  5327 | D:9      | Gained mutation: A weak demonic guardian rushes to your
                  | aid. [demonic ancestry]
  5327 | D:9      | Reached XP level 9. HP: 68/68 MP: 9/9
  5390 | D:8      | HP: 3/68 [yak (9)]
  5393 | D:8      | Mangled by a yak

Illustrated notes

Levels and vault maps discovered:
D:1:      psy_arrival_spokes, layout_basic, shapermc_ecumenical_altar_venn
D:2:      layout_basic, st_stairs_8
D:3:      layout_basic, marbit_many_paths, gammafunk_ghost_mausoleum,
          nicolae_wormholes, uniq_terence, uniq_grinder, uniq_crazy_yiuf_cottage
D:4:      cheibrodos_quashed, layout_rooms, demons_altar, hex_medium,
          uniq_robin, uniq_ijyb
D:5:      layout_loops_ring, led_sif_book, temple_statues, serial_glass,
          glass_columns_b, glass_columns_a
D:6:      layout_basic, portal_sewer_entry_e, grunt_ministairs_15,
          minmay_fractal_squares_5, uniq_edmund
D:8:      layout_layer_cave, nicolae_uskayaw_en_pointe, abandoned_shop
D:9:      layout_layer_cave, orc_0_dummy, uniq_erolcha

Skill      XL: |  1  2  3  4  5  6  7  8 |
---------------+-------------------------+-----
Short Blades   | 3 4 5 6 7 |  7.4
Dodging        | 3 4 5 |  5.6
Armour         | 1 2 3 4 |  4.6
Fighting       | 3 4 5 |  5.6
Throwing       | |  1.7

Action                     |  1- 3 |  4- 6 |  7- 9 || total
---------------------------+-------+-------+-------++-------
  Melee: Rapier            |   119 |   167 |    77 ||   363
         Headbutt          |    11 |    40 |   123 ||   174
         Punch             |     1 |     7 |     8 ||    16
         Short sword       |       |       |   445 ||   445
    Use: Scroll            |     6 |     6 |     6 ||    18
         Potion            |       |       |     2 ||     2
 Armour: Leather armour    |    24 |       |       ||    24
         Scale mail        |     5 |       |       ||     5
         Ring mail         |     3 |    73 |   182 ||   258
  Dodge: Dodged            |    81 |   105 |   323 ||   509

Table legend: (Time is in decaauts)
 A = Elapsed time spent in this place.
 B = Non-inter-level travel time spent in this place.
 C = Inter-level travel time spent in this place.
 D = Time resting spent in this place.
 E = Time spent auto-exploring this place.
 F = Levels seen in this place.
 G = Mean time per level.
                   A        B        C        D        E       F      G
               +--------+--------+--------+--------+--------+-----+--------+
         Total |   5286 |   5085 |    201 |     82 |   3575 |   9 |  587.3 |
       Dungeon |   4923 |   4722 |    201 |     82 |   3354 |   8 |  615.4 |
         Sewer |    363 |    363 |      0 |      0 |    221 |   1 |  363.0 |
               +--------+--------+--------+--------+--------+-----+--------+

Top non-repeatable levels by time:
     D:3: 1329 daAuts
     D:6: 864 daAuts
     D:1: 764 daAuts
     D:5: 663 daAuts
     D:4: 635 daAuts
     D:2: 534 daAuts
   Sewer: 363 daAuts
     D:9: 108 daAuts
     D:8: 21 daAuts
